 Dungeon Crawl Stone Soup version 0.31.0-1-g2c135a0 (webtiles) character file.

Game seed: 6885637777540076710

86 edsrzf the Slasher (level 4, 0/29 HPs)
             Began as an Octopode Reaver on Jan 31, 2024.
             Incinerated by a bombardier beetle (1 damage)
             ... with a burning spray
             ... on level 3 of the Dungeon.
             The game lasted 00:03:03 (1875 turns).

edsrzf the Slasher (Octopode Reaver)                Turns: 1875, Time: 00:03:03

Health: 0/29       AC:  1    Str: 11    XL:     4   Next: 50%
Magic:  7/7        EV: 13    Int: 17    God:
Gold:   110        SH:  0    Dex: 10    Spells: 6/7 levels left

rFire   + . .        a - +0 falchion
rCold   . . .        (no shield)
rNeg    . . .        (helmet restricted)
rPois   .            (no amulet)
rElec   .            f - ring of protection from fire
rCorr   .            (no ring)
SInv    .            (no ring)
Will    .....        (no ring)
Stlth   ++           (no ring)
HPRegen 0.24/turn    (no ring)
MPRegen 0.10/turn    (no ring)
                     (no ring)

%: no passive effects
@: on fire, glowing
A: almost no armour, amphibious, 8 rings, camouflage 1, gelatinous body 1,
(nimble swimmer 1), tentacles
a: no special abilities


You were on level 3 of the Dungeon.
You visited 1 branch of the dungeon, and saw 3 of its levels.

You collected 110 gold pieces.

Inventory:

Hand Weapons
 a - a +0 falchion (weapon)
Missiles
 b - 6 poisoned darts
Jewellery
 f - a ring of protection from fire (left tentacle)
Scrolls
 d - a scroll of fear {unknown}
 g - a scroll of acquirement {unknown}
 h - a scroll of revelation
 i - a scroll of immolation {unknown}
 j - a scroll of teleportation {unknown}
Potions
 c - a potion of heal wounds {unknown}
 e - a potion of curing
 k - a potion of ambrosia {unknown}
 l - a potion of attraction {unknown}


   Skills:
 - Level 2.0 Fighting
 + Level 4.2 Long Blades
 - Level 2.0 Dodging
 + Level 4.0 Stealth
 - Level 2.0 Spellcasting
 - Level 3.0 Conjurations


You had 6 spell levels left.
You knew the following spells:

 Your Spells              Type           Power      Damage    Failure   Level
a - Kiss of Death         Conj/Necr      24%        2d7       11%         1

Your spell library contained the following spells:

 Spells                   Type           Power      Damage    Failure   Level
 Foxfire                  Conj/Fire      24%        2x1d5     11%         1
 Momentum Strike          Conj/Tloc      12%        3d8       16%         2
 Static Discharge         Conj/Air       12%        3-4/arc   16%         2
 Hailstorm                Conj/Ice       6%         3d5       30%         3
 Airstrike                Air            0%         2d(1-17)  88%         4
 Summon Lightning Spire   Summ/Air       1%         N/A       88%         4
 Plasma Beam              Fire/Air       0%         2x1d10    100%        6
 Starburst                Conj/Fire      3%         6d3       100%        6


Dungeon Overview and Level Annotations

Branches:
Dungeon (3/15)

Altars:
Wu Jian


Innate Abilities, Weirdness & Mutations

You cannot wear most types of armour.
You are amphibious.
You can wear up to eight rings at the same time.
Your skin changes colour to match your surroundings (Stealth+).
Your rubbery body absorbs attacks. (AC +1, EV +1)
((You are camouflaged when in or above water. (Stealth+)))
You have tentacles for arms and can constrict up to eight enemies at once.


Message History

You closely miss the bat.
The bat is severely wounded.
You constrict the bat.
You kill the bat!
Found a pair of glowing gloves.
There is an open door here.
There is an open door here.
Done exploring.
Done exploring.
There is an open door here.
There is a stone staircase leading down here.
You climb downwards.
You hear the sound of rushing water.
There is an entrance to a sewer on this level.
Hurry and find it before the portal rusts away!
There is a stone staircase leading up here.
Unknown command.
Autoexplore enabled for D:3
Found a scale mail.
As you read the scroll labelled EMUHIE OMEVAWO, it crumbles to dust.
You feel aware of your surroundings.
You sensed 1 shop/portal.
It was a scroll of revelation.
A goblin comes into view. It is wielding a +0 club.
Found a stone staircase leading down.
The goblin shouts!
You hear an angry hiss.
The goblin misses you.
A gnoll comes into view. It is wielding a +0 whip.
You hit the goblin.
You kill the goblin!
A ball python comes into view.
A bombardier beetle comes into view.
You hit the gnoll. Your grab misses the gnoll.
The gnoll is moderately wounded.
The gnoll misses you.
The ball python hisses angrily.
You barely miss the gnoll. You grab the gnoll. You squeeze the gnoll.
The gnoll is severely wounded.
You constrict the gnoll, but do no damage.
The ball python bites you. The ball python completely misses you.
The gnoll hits you with a +0 whip. The ball python bites you.
The ball python barely misses you.
You closely miss the ball python. You grab the ball python.
You squeeze the ball python.
The ball python is moderately wounded.
You hear the slow rusting of a very distant drain.
You constrict the ball python, but do no damage.
You constrict the gnoll, but do no damage.
The ball python closely misses you. The ball python grabs you.
The ball python constricts you. The gnoll hits you with a +0 whip!
You hit the ball python but do no damage.
You squeeze the ball python.
The ball python is severely wounded.
You constrict the ball python.
You kill the ball python!
You constrict the gnoll, but do no damage.
The gnoll barely misses you.
You hit the gnoll.
You kill the gnoll!
A gnoll comes into view. It is wielding a +0 halberd.
Things that are here:
a +0 whip; a gnoll corpse You open the door.
Found a stone staircase leading up.
There is an open door here.
You close the door.
An endoplasm comes into view.
Something unseen opens the door.
The helpless endoplasm fails to defend itself.
You hit the endoplasm.
The endoplasm is almost dead.
The endoplasm misses you.
You barely miss the endoplasm. You squeeze the endoplasm.
You kill the endoplasm!
Your Stealth skill increases to level 4!
You aren't carrying any items that you can evoke.
Unknown command.
Okay, then.
Okay, then.
Press: ? - help, v - describe, . - travel
Here: a bombardier beetle The floor.
Unknown command.
Okay, then.
The gnoll attacks as it pursues you! The gnoll barely misses you.
The gnoll closely misses you.
You hit the gnoll. You grab the gnoll.
The gnoll is moderately wounded.
You constrict the gnoll. The gnoll hits you with a +0 halberd!
* * * LOW HITPOINT WARNING * * *
The bombardier beetle sprays incendiary fluid at you.
The burning spray hits you.
You are covered in liquid fire!
It was a potion of curing.
You feel better. The liquid fire burns you!
* * * LOW HITPOINT WARNING * * *
You constrict the gnoll. The gnoll hits you with a +0 halberd.
* * * LOW HITPOINT WARNING * * *
You hit the gnoll. You squeeze the gnoll.
You kill the gnoll!
The liquid fire burns you!
You die...

..............g..,,,,*
............g....,,,,*
.................,,,,*
.................,,,,*
.........).......,,,,*
..###.B##........*****
........B.#######*
.#.....##.#####<#####
.#.....##.#.....@...#
.......##.'....)B...#
.#.....####.........#
..........###########
##....#.#.####
#.........####
#.######.#####
#.######.#####
#.######.#####


You could see a bombardier beetle.

Vanquished Creatures
  2 gnolls (D:3)
  3 adders (D:2)
  A dart slug (D:1)
  5 bats
  5 endoplasms
  A giant cockroach (D:1)
  6 hobgoblins
  5 quokkas (D:1)
  6 ball pythons
  3 frilled lizards
  3 goblins
  2 kobolds (D:2)
  8 rats
50 creatures vanquished.

Notes
Turn   | Place    | Note
-------+----------+-------------------------------------------
     0 | D:1      | edsrzf the Octopode Reaver began the quest for the Orb.
     0 | D:1      | Reached XP level 1. HP: 14/14 MP: 3/3
   123 | D:1      | Reached skill level 1 in Stealth
   205 | D:1      | Reached XP level 2. HP: 19/19 MP: 5/5
   219 | D:1      | Reached skill level 2 in Stealth
   481 | D:1      | Reached XP level 3. HP: 24/24 MP: 6/6
  1007 | D:2      | Found an ornate altar of the Wu Jian Council.
  1061 | D:2      | Reached skill level 3 in Stealth
  1196 | D:2      | Found a faded altar of an unknown god.
  1312 | D:2      | Reached skill level 4 in Long Blades
  1312 | D:2      | Reached XP level 4. HP: 10/29 MP: 7/7
  1831 | D:3      | Identified 2 scrolls of revelation
  1868 | D:3      | Reached skill level 4 in Stealth
  1874 | D:3      | Identified 2 potions of curing
  1874 | D:3      | HP: 1/29 [gnoll/+0 halberd (6)]
  1875 | D:3      | Incinerated by a bombardier beetle

Illustrated notes

Levels and vault maps discovered:
D:1:      sevenhm_arrival_forest_fort_large_2, layout_loops_ring,
          hangedman_decor_growths
D:2:      layout_loops_corners, dreamdust_ecumenical_altar_angels_and_demons,
          basic_altar
D:3:      layout_basic, gup_sewer_entry_glass, minmay_increasing_density,
          uniq_natasha

Skill      XL: |  1  2  3  4 |
---------------+-------------+-----
Stealth        | 1 2 3 4 |  4.0
Long Blades    | 4 |  4.2
Fighting       | |  2.0
Dodging        | |  2.0
Spellcasting   | |  2.0
Conjurations   | |  3.0

Action                     |  1- 3 |  4- 6 || total
---------------------------+-------+-------++-------
  Melee: Falchion          |    77 |    22 ||    99
         Constrict         |    18 |     6 ||    24
         Tentacles         |     7 |     7 ||    14
    Use: Scroll            |       |     1 ||     1
         Potion            |       |     1 ||     1
   Stab: Sleeping          |    11 |     3 ||    14
         Distracted        |     1 |       ||     1
 Armour: Skin              |    30 |    10 ||    40
  Dodge: Dodged            |    39 |    19 ||    58
